 Dungeon Crawl Stone Soup version 0.25-a0-458-g6fc7858b95 (webtiles) character file.

Game seed: 15032244692956079813, levelgen mode: deterministic

827 Error4North the Chopper (level 7, -14/61 HPs)
             Began as a Hill Orc Fighter on Feb 2, 2020.
             Demolished by a two-headed ogre
             ... wielding a +0 giant spiked club
              (21 damage)
             ... on level 4 of the Dungeon.
             The game lasted 00:11:06 (2925 turns).

Error4North the Chopper (Hill Orc Fighter)          Turns: 2925, Time: 00:11:07

Health: -14/61     AC: 15    Str: 26    XL:     7   Next: 97%
Magic:  10/10      EV:  5    Int:  8    God:
Gold:   193        SH: 10    Dex: 10    Spells: 10/10 levels left

rFire    . . .     SeeInvis .   a - +0 war axe
rCold    . . .     Gourm    .   c - +0 shield
rNeg     . . .     Faith    .   n - +0 plate armour
rPois    .         Spirit   .   x - +2 helmet
rElec    .         Reflect  .   (no cloak)
rCorr    .         Harm     .   (no gloves)
MR       +....                  (no boots)
Stlth    ..........             g - amulet of magic regeneration
HPRegen  0.20/turn              o - ring of protection from magic
MPRegen  0.37/turn              t - ring of attention (curse)

@: mighty
A: no striking features
a: no special abilities


You were on level 4 of the Dungeon.
You were not hungry.

You visited 1 branch of the dungeon, and saw 4 of its levels.

You collected 193 gold pieces.

Inventory:

Hand Weapons
 a - a +0 war axe (weapon)
Armour
 c - a +0 shield (worn)
 n - a +0 plate armour (worn)
 x - a +2 helmet (worn)
Jewellery
 g - an amulet of magic regeneration (around neck)
 o - a ring of protection from magic (left hand)
 t - a cursed ring of attention (right hand)
Scrolls
 b - 2 scrolls of amnesia {unknown}
 e - 4 scrolls of identify {unknown}
 i - 2 scrolls of fog
 j - a scroll of enchant weapon {unknown}
 m - 2 scrolls of blinking {unknown}
 p - 2 scrolls of random uselessness {unknown}
 s - a scroll of teleportation {unknown}
Potions
 d - 2 potions of might
 h - a potion of lignification {unknown}
 k - 4 potions of curing
 l - 2 potions of degeneration {unknown}
 q - a potion of mutation {unknown}
 r - a potion of agility {unknown}
 u - a potion of heal wounds {unknown}
 v - a potion of brilliance {unknown}
Comestibles
 f - 8 rations
 w - a chunk of flesh


   Skills:
 * Level 5.1 Fighting
 + Level 6.6 Axes
 * Level 5.4 Armour
 + Level 0.4 Dodging
 + Level 0.1 Stealth
 * Level 5.5 Shields
 * Level 2.0 Spellcasting


You had 10 spell levels left.
You didn't know any spells.
Your spell library was empty.

Dungeon Overview and Level Annotations

Branches:
Dungeon (4/15)
 Temple: D:4-7

Altars:
Elyvilon
Fedhas


Message History

You block the two-headed ogre's attack.
The two-headed ogre hits you with a +0 giant spiked club.
As you read the scroll labeled SAMACA KITIOGO, it crumbles to dust.
The scroll dissolves into smoke.
It was a scroll of fog.
You slash the two-headed ogre!
The two-headed ogre is lightly wounded.
The two-headed ogre hits you with a +0 giant spiked club!!
The two-headed ogre hits you with a +0 giant spiked club.
You slice the two-headed ogre!!
The two-headed ogre is heavily wounded.
You block the two-headed ogre's attack. The two-headed ogre barely misses you.
You barely miss the two-headed ogre.
The two-headed ogre is heavily wounded.
The two-headed ogre hits you with a +0 giant spiked club!
* * * LOW HITPOINT WARNING * * *
The two-headed ogre completely misses you.
You slash the two-headed ogre!
The two-headed ogre is severely wounded.
The two-headed ogre hits you with a +0 giant spiked club!!
You die...

######...............##.###.)##
#....####.....####.##.##...##
#....# ##...##.(#.##.##...##
####....# ##.##...#.##.##...##
##.......## #.#...##.##....(...
#.........## +#.#'.##..##........
#..........###.§§###.............
#.###.........§8§§§.....####...##
#. #......###§§@###...## #...# #
#.....## +#§#Ow##..# #...#
##.#.## #§#h§.##.# ##.## #.#.#
#.##...#.# #.# ######.#.# ...
#.?#.# #.###
.........####.....####.######....
########.......................##
#.#####..##############.## #.# #.
#......


You could see a two-headed ogre, a worm and a jackal.

Vanquished Creatures
  Duvessa (D:4)
  2 phantoms (D:4)
  2 ogres (D:4)
  Dowan (D:4)
  2 hounds
  A centaur skeleton (D:4)
  2 orc priests (D:4)
  2 orc wizards (D:4)
  Robin (D:4)
  2 adders
  An ooze (D:2)
  An adder skeleton (D:4)
  3 dart slugs
  8 orcs
  5 giant cockroaches
  13 goblins
  10 hobgoblins
  7 jackals
  2 quokkas (D:4)
  A ball python (D:4)
  7 bats
  3 frilled lizards
  3 kobolds
  8 rats
88 creatures vanquished.

Notes
Turn   | Place    | Note
-------+----------+-------------------------------------------
     0 | D:1      | Error4North the Hill Orc Fighter began the quest for the
                  | Orb.
     0 | D:1      | Reached XP level 1. HP: 19/19 MP: 1/1
   266 | D:1      | Reached XP level 2. HP: 27/27 MP: 2/2
   533 | D:2      | Reached skill level 3 in Axes
   550 | D:2      | Reached XP level 3. HP: 33/33 MP: 3/3
   684 | D:2      | Found a white marble altar of Elyvilon.
  1216 | D:2      | Reached XP level 4. HP: 40/40 MP: 4/4
  1294 | D:3      | Reached skill level 4 in Axes
  1589 | D:3      | Found a blossoming altar of Fedhas.
  1904 | D:4      | Reached XP level 5. HP: 40/46 MP: 5/5
  1962 | D:4      | Noticed Robin
  1975 | D:4      | Killed Robin
  1975 | D:4      | Noticed an ogre
  1985 | D:4      | Killed an ogre
  1985 | D:4      | Reached skill level 5 in Axes
  1985 | D:4      | Reached XP level 6. HP: 50/52 MP: 5/7
  2072 | D:4      | Reached skill level 1 in Spellcasting
  2436 | D:4      | Reached skill level 5 in Armour
  2461 | D:4      | Noticed Duvessa
  2462 | D:4      | Noticed Dowan
  2469 | D:4      | Killed Duvessa
  2469 | D:4      | Reached skill level 5 in Shields
  2469 | D:4      | Reached XP level 7. HP: 52/60 MP: 7/9
  2479 | D:4      | Killed Dowan
  2503 | D:4      | Reached skill level 6 in Axes
  2789 | D:4      | Reached skill level 5 in Fighting
  2919 | D:4      | Noticed a two-headed ogre
  2925 | D:4      | Demolished by a two-headed ogre

Levels and vault maps discovered:
D:1:      dpeg_arrival_short_road, layout_rooms, minmay_tree_intersection,
          minmay_pentomino_v4
D:2:      layout_loops_ring, lemuel_doored_altar, first_ration,
          serial_bayou_pond_d
D:3:      layout_loops_ring, fedhas_ov_isle_minmay
D:4:      cheibrodos_barr_body, layout_loops_ring, uniq_duvessa, uniq_robin

Skill      XL: |  1  2  3  4  5  6  7 |
---------------+----------------------+-----
Axes           | 3 4 5 6 |  6.6
Shields        | 4 5 |  5.5
Fighting       | 4 5 |  5.1
Armour         | 4 5 |  5.4
Spellcasting   | 1 2 |  2.0
Dodging        | |  0.4
Stealth        | |  0.1

Action                   |  1- 3 |  4- 6 |  7- 9 || total
-------------------------+-------+-------+-------++-------
Melee: War axe           |   132 |   117 |    71 ||   320
  Use: Potion            |     1 |     1 |     1 ||     3
       Scroll            |       |       |     1 ||     1
  Eat: Chunk             |     1 |     3 |       ||     4
       Ration            |       |     1 |       ||     1
Armor: Scale mail        |    26 |       |       ||    26
       Plate armour      |    51 |    58 |    44 ||   153
Dodge: Dodged            |    28 |    22 |    20 ||    70
Block: Shield            |    84 |    70 |    26 ||   180

Table legend:
 A = Non-vault XP
 B = Vault XP
 C = Vault XP percentage of total XP
 D = Non-vault monster count
 E = Vault monster count
 F = Vault count percentage of total count
                 A         B        C        D         E       F
            +---------+---------+-------+---------+---------+-------
      Total |     784 |     398 |  33.7 |      69 |      19 |  21.6
            +---------+---------+-------+---------+---------+-------
        D:1 |      22 |       7 |  24.1 |      13 |       3 |  18.8
        D:2 |      54 |       0 |   0.0 |      21 |       0 |   0.0
        D:3 |      81 |       0 |   0.0 |      13 |       0 |   0.0
        D:4 |     627 |     391 |  38.4 |      22 |      16 |  42.1
            +---------+---------+-------+---------+---------+-------
